 Dungeon Crawl Stone Soup version 0.27.1-1-g398f81649c (webtiles) character file.

Game seed: 4858970483271902365

28 VictoriousLee the Caller (level 3, -11/24 HPs)
             Began as a Barachi Summoner on Sept 5, 2021.
             Mangled by a gnoll (13 damage)
             ... on level 2 of the Dungeon.
             The game lasted 00:06:00 (2062 turns).

VictoriousLee the Caller (Barachi Summoner)         Turns: 2062, Time: 00:06:00

Health: -11/24     AC:  2    Str:  9    XL:     3   Next: 12%
Magic:  0/6        EV: 12    Int: 16    God:
Gold:   93         SH:  0    Dex: 12    Spells: 3/6 levels left

rFire    . . .     SeeInvis .   i - +1 dagger (freeze)
rCold    . . .     Faith    .   (no shield)
rNeg     . . .     Spirit   .   a - +0 robe
rPois    .         Reflect  .   (no helmet)
rElec    .         Harm     .   (no cloak)
rCorr    .         Rampage  .   (no gloves)
Will     .....                  (no boots)
Stlth    ++........             (no amulet)
HPRegen  0.08/turn              (no ring)
MPRegen  0.10/turn              (no ring)

@: unable to hop, slow
A: amphibious, slowness 1, strong legs 1, +LOS
a: Hop


You were on level 2 of the Dungeon.
You visited 1 branch of the dungeon, and saw 2 of its levels.

You collected 93 gold pieces.

Inventory:

Hand Weapons
 h - a +0 dagger of venom
 i - a +1 dagger of freezing (weapon)
Missiles
 c - 8 boomerangs
Armour
 a - a +0 robe (worn)
Scrolls
 e - a scroll of enchant weapon {unknown}
 f - a scroll of blinking {unknown}
Potions
 b - a potion of mutation {unknown}
 d - 2 potions of might {unknown}
 g - a potion of curing {unknown}
 j - a potion of heal wounds {unknown}
 k - a potion of magic {unknown}


   Skills:
 - Level 2.1 Dodging
 - Level 1.7 Stealth
 - Level 2.1 Spellcasting
 + Level 6.0 Summonings


You had 3 spell levels left.
You knew the following spells:

 Your Spells              Type           Power      Damage    Failure   Level
a - Call Imp              Summ           21%        N/A       2%          2
b - Summon Small Mammal   Summ           84%        N/A       1%          1

Your spell library contained the following spells:

 Spells                   Type           Power      Damage    Failure   Level
 Call Canine Familiar     Summ           21%        N/A       4%          3
 Summon Guardian Golem    Hex/Summ       11%        N/A       19%         3
 Summon Lightning Spire   Summ/Air       11%        N/A       52%         4


Dungeon Overview and Level Annotations

Branches:
Dungeon (2/15)

Altars:


Innate Abilities, Weirdness & Mutations

You are amphibious.
You cover ground slowly.
You can hop short distances.
You have an extended range of vision and can be seen from far away.


Message History

Your crimson imp blinks!
The gnoll hits you from afar with a +0 spear.
* * * LOW HITPOINT WARNING * * *
The gnoll hits you from afar with a +0 spear.
* * * LOW HITPOINT WARNING * * *
Casting: Call Imp (safe; 3% risk of failure)
Confirm with . or Enter, or press ? or * to list all spells.
The gnoll closely misses you. The gnoll barely misses your quokka.
Your quokka bites the gnoll.
The gnoll hits your quokka with a +0 spear.
Your quokka bites the gnoll.
The gnoll dies!
Your quokka bites the gnoll.
Your Summonings skill increases to level 6!
You have reached level 3!
Your experience leads to an increase in your attributes!
Increase (S)trength, (I)ntelligence, or (D)exterity?
You feel clever.
You see here a ball python skeleton.
Casting: Summon Small Mammal (safe; 1% risk of failure)
Confirm with . or Enter, or press ? or * to list all spells.
A beastly little devil appears in a puff of flame.
Your quokka disappears in a puff of smoke!
Your crimson imp blinks!
The gnoll misses you.
Your crimson imp completely misses the gnoll.
Your legs are too worn out to hop.
The gnoll hits you with a +0 flail.
* * * LOW HITPOINT WARNING * * *
You hit the gnoll. You freeze the gnoll.
The gnoll is lightly wounded.
Your crimson imp blinks!
The gnoll barely misses you.
Casting: Call Imp (safe; 2% risk of failure)
Confirm with . or Enter, or press ? or * to list all spells.
A beastly little devil appears in a puff of frigid air.
The gnoll hits you with a +0 flail!
Ouch! That really hurt!
You die...

### ##.## #####...###
##.........< ### #####
##.>....<.### ..#
#...#########.....†..## #.#
#...5..g@5<.........## #.#
#...#########.......#### #.#
##.## #...........#
##.#######.### #.##...####.#
.............# #.##..## #.#
##.#######.#.#######.##..# #.#
#.# #.#.........##..#####.#
#.#######.#########...........#
#.........# #.##.########


You could see a gnoll (ally target), a friendly crimson imp (summoned) and a
friendly white imp (summoned).

Vanquished Creatures
  A worm (D:2)
  An endoplasm (D:1)
  2 goblins (D:1)
  A ball python (D:1)
  2 bats (D:2)
  2 frilled lizards
  A kobold (D:2)
  A rat (D:2)
11 creatures vanquished.

Vanquished Creatures (collateral kills)
  2 gnolls (D:2)
  A dart slug (D:1)
  An endoplasm (D:2)
  2 quokkas (D:1)
  3 ball pythons
  A frilled lizard (D:1)
  A kobold (D:1)
11 creatures vanquished.

Grand Total: 22 creatures vanquished

Notes
Turn   | Place    | Note
-------+----------+-------------------------------------------
     0 | D:1      | VictoriousLee the Barachi Summoner began the quest for the
                  | Orb.
     0 | D:1      | Reached XP level 1. HP: 13/13 MP: 3/3
   645 | D:1      | Reached skill level 5 in Summonings
   805 | D:1      | Reached XP level 2. HP: 14/19 MP: 1/5
   811 | D:1      | Learned a level 2 spell: Call Imp
  1127 | D:1      | Found a faded altar of an unknown god.
  2034 | D:2      | Reached skill level 6 in Summonings
  2034 | D:2      | Reached XP level 3. HP: 4/24 MP: 1/6
  2062 | D:2      | Mangled by a gnoll

Illustrated notes

Levels and vault maps discovered:
D:1:      dpeg_arrival_fog, layout_basic, ebering_ecumenical_altar_mist
D:2:      layout_loops_ring

Skill      XL: |  1  2 |
---------------+-------+-----
Summonings     | 5 6 |  6.0
Dodging        | |  2.1
Stealth        | |  1.7
Spellcasting   | |  2.1

Action                   || total
-------------------------++-------
Melee: Unarmed           ||    11
       Dagger            ||    30
 Cast: Summon Small Mamm ||    16
       Call Imp          ||    13
 Abil: Hop               ||     1
 Stab: Distracted        ||     2
Armor: Robe              ||    11
Dodge: Dodged            ||    32
